 Dungeon Crawl Stone Soup version 0.29-a0-330-g52719c12eb (webtiles) character file.

Game seed: 17790993454613517749

7359 kae the Arsonist (level 10, -9/81 HPs)
             Began as a Demigod Fire Elementalist on May 30, 2022.
             Mangled by a two-headed ogre
             ... wielding a +0 giant club
              (14 damage)
             ... on level 8 of the Dungeon.
             The game lasted 00:07:48 (12257 turns).

kae the Arsonist (Demigod Fire Elementalist)       Turns: 12257, Time: 00:07:48

Health: -9/81      AC:  4    Str:  9    XL:     10   Next: 60%
Magic:  8/21       EV: 14    Int: 35    God:
Gold:   501        SH: 12    Dex: 20    Spells: 8/19 levels left

rFire   . . .      SeeInvis .   l - +1 whip (flame)
rCold   . . .      Faith    .   o - +1 buckler
rNeg    . . .      Spirit   .   v - +0 troll leather armour
rPois   .          Reflect  +   (no helmet)
rElec   .          Harm     .   (no cloak)
rCorr   .          Rampage  .   (no gloves)
Will    +....                   (no boots)
Stlth   ++........              s - amulet of reflection
HPRegen 1.03/turn               x - +6 ring of intelligence
MPRegen 0.17/turn               i - +6 ring of dexterity

@: mighty, on berserk cooldown, slowed, very slow
A: high MP 1, forlorn, divine attributes
a: no special abilities


You were on level 8 of the Dungeon.
You visited 1 branch of the dungeon, and saw 8 of its levels.

You collected 501 gold pieces.

Inventory:

Hand Weapons
 l - a +1 whip of flaming (weapon)
Armour
 a - a +0 robe
 o - a +1 buckler (worn)
 v - a +0 troll leather armour (worn)
Jewellery
 d - a ring of protection from cold
 h - a ring of resist corrosion
 i - a +6 ring of dexterity (right hand)
 s - an amulet of reflection (around neck)
 x - a +6 ring of intelligence (left hand)
Wands
 y - a wand of acid (3)
Scrolls
 c - 3 scrolls of vulnerability
 r - a scroll of enchant armour
 t - a scroll of brand weapon
 u - 2 scrolls of silence
 w - a scroll of fog
 A - a scroll of enchant weapon
Potions
 b - a potion of magic
 e - 3 potions of heal wounds
 f - a potion of berserk rage
 g - 4 potions of curing
 j - 2 potions of haste
 k - 2 potions of flight
 m - 2 potions of degeneration
 n - a potion of cancellation
 p - 4 potions of might
 q - 3 potions of lignification {unknown}
 z - a potion of mutation {unknown}


   Skills:
 + Level 5.3 Fighting
 + Level 5.9 Dodging
 - Level 1.7 Stealth
 + Level 4.1 Shields
 + Level 5.2 Spellcasting
 * Level 8.0 Conjurations
 * Level 8.5 Fire Magic


You had 8 spell levels left.
You knew the following spells:

 Your Spells              Type           Power      Damage    Failure   Level
a - Foxfire               Conj/Fire      100%       2x1d9     1%          1
b - Scorch                Fire           100%       2d10      1%          2
c - Conjure Flame         Conj/Fire      61%        6-21      1%          3
d - Freeze                Ice            36%        1d6       8%          1
e - Flame Wave            Conj/Fire      61%        2d12      2%          4

Your spell library contained the following spells:

 Spells                   Type           Power      Damage    Failure   Level
 Inner Flame              Hex/Fire       39%        N/A       3%          3
 Iskenderun's Battlesphe  Conj           60%        2d11      8%          5
 Hailstorm                Conj/Ice       37%        3d9       14%         4
 Frozen Ramparts          Ice            18%        1d3       22%         3
 Iron Shot                Conj/Erth      18%        9d4       92%         6
 Spellforged Servitor     Conj/Summ      18%        N/A       100%        7


Dungeon Overview and Level Annotations

Branches:
Dungeon (8/15)             Temple (0/1) D:5
   Lair: D:8-11

Shops:
D:1 =   D:7 [

Annotations:
D:6 1 runed translucent door, Crazy Yiuf


Innate Abilities, Weirdness & Mutations

You have an increased reservoir of magic. (+10% MP)
You shall have no god before yourself.
Your divine heritage dramatically boosts your attributes as you level up.


Message History

The yak gores you.
You hit the yak. You burn the yak.
The yak is heavily wounded.
You whack the yak! You burn the yak.
The yak is severely wounded.
The yak gores you!
You hit the yak. You burn the yak.
The yak is almost dead.
The yak misses you.
You hit the yak. You burn the yak.
The yak is almost dead.
You block the yak's attack.
You whack the yak! You burn the yak.
You kill the yak!
Your Conjurations skill increases to level 8!
You closely miss the two-headed ogre.
The two-headed ogre is lightly wounded.
You whack the two-headed ogre! You burn the two-headed ogre.
The two-headed ogre is moderately wounded.
You block the two-headed ogre's attack.
The two-headed ogre hits you with a +0 giant club!
You hit the two-headed ogre. You burn the two-headed ogre.
The two-headed ogre is moderately wounded.
You are no longer berserk.
You are exhausted.
You feel yourself slow down.
You hit the two-headed ogre. You burn the two-headed ogre.
The two-headed ogre is heavily wounded.
The two-headed ogre closely misses you. You block the two-headed ogre's attack.
The two-headed ogre misses you. You block the two-headed ogre's attack.
You hit the two-headed ogre. You burn the two-headed ogre.
The two-headed ogre is heavily wounded.
The two-headed ogre hits you with a +0 giant club!
The two-headed ogre barely misses you.
You hit the two-headed ogre. You burn the two-headed ogre.
The two-headed ogre is severely wounded.
The two-headed ogre hits you with a +0 giant club!!
* * * LOW HITPOINT WARNING * * *
The two-headed ogre hits you with a +0 giant club!
You die...

................[#
......###..#####.#
.....yy.O........#
#####?###[.####..#
#O# ........# #.#
..####..# #####.#
#..# #>....# ##.#
#.o.<.# #@#
.####Y# #O#
...Y...#####†#
#.#.....OY††.#
#.#..#.#####.# ...
...# #.# .# .###
#.# .# #.# .###
#.#


You could see a two-headed ogre.

Vanquished Creatures
  3 two-headed ogres
  Maggie (D:8)
  A troll (D:5)
  A wraith (D:7)
  9 yaks
  3 steam dragons (D:7)
  Menkaure (D:6)
  3 water moccasins
  An orc warrior (D:8)
  2 black bears
  5 sky beasts
  A centaur (D:7)
  3 ogres
  2 bullfrogs
  A gnoll sergeant (D:5)
  4 scorpions
  3 wights (D:7)
  3 killer bees (D:8)
  4 howler monkeys
  2 jellies
  4 hounds
  4 orc priests
  3 iguanas
  6 orc wizards
  25 gnolls
  7 adders
  2 shadow imps
  A white imp (D:6)
  2 ufetubi
  3 worms
  5 dart slugs
  39 orcs
  9 endoplasms
  4 giant cockroaches
  14 goblins
  4 hobgoblins
  14 jackals
  10 kobolds
  2 quokkas (D:5)
  6 ball pythons
  4 bats
  2 frilled lizards
  7 rats
230 creatures vanquished.

Vanquished Creatures (collateral kills)
  4 foxfires
4 creatures vanquished.

Vanquished Creatures (others)
  917 foxfires
917 creatures vanquished.

Grand Total: 1151 creatures vanquished

Notes
Turn   | Place    | Note
-------+----------+-------------------------------------------
     0 | D:1      | kae the Demigod Fire Elementalist began the quest for the
                  | Orb.
     0 | D:1      | Reached XP level 1. HP: 14/14 MP: 5/5
    13 | D:1      | Reached skill level 1 in Conjurations
   196 | D:1      | Found Ixuocohioca's Jewellery Boutique.
   424 | D:1      | Reached XP level 2. HP: 20/20 MP: 5/7
   435 | D:1      | Learned a level 2 spell: Scorch
  1433 | D:1      | Reached XP level 3. HP: 27/27 MP: 5/8
  1435 | D:1      | Learned a level 1 spell: Freeze
  1939 | D:2      | Reached skill level 1 in Fighting
  2481 | D:2      | Reached XP level 4. HP: 33/35 MP: 5/9
  3345 | D:3      | Reached XP level 5. HP: 36/40 MP: 4/11
  4587 | D:4      | Reached XP level 6. HP: 48/48 MP: 7/12
  4984 | D:4      | Learned a level 3 spell: Conjure Flame
  5885 | D:5      | Entered Level 5 of the Dungeon
  5983 | D:5      | Reached XP level 7. HP: 17/56 MP: 8/14
  6680 | D:5      | Reached skill level 5 in Fire Magic
  6908 | D:5      | Noticed a troll
  6923 | D:5      | Killed a troll
  7146 | D:5      | Found a staircase to the Ecumenical Temple.
  7508 | D:5      | Reached XP level 8. HP: 54/63 MP: 12/16
  7979 | D:5      | Noticed a two-headed ogre
  7999 | D:5      | Killed a two-headed ogre
  8000 | D:5      | Reached skill level 1 in Shields
  8000 | D:5      | Reached skill level 5 in Conjurations
  8852 | D:6      | Noticed Menkaure
  8858 | D:6      | Killed Menkaure
  8859 | D:6      | Reached XP level 9. HP: 37/71 MP: 9/18
  9121 | D:6      | Found a runed translucent door.
  9128 | D:6      | Noticed Crazy Yiuf
  9927 | D:7      | Learned a level 4 spell: Flame Wave
 10192 | D:7      | Reached skill level 5 in Dodging
 10679 | D:7      | Reached XP level 10. HP: 55/80 MP: 6/20
 10802 | D:7      | Found Denipae's Armour Shoppe.
 11047 | D:8      | Noticed Maggie
 11069 | D:8      | Killed Maggie
 11273 | D:8      | Noticed a two-headed ogre
 11285 | D:8      | Killed a two-headed ogre
 11392 | D:8      | Reached skill level 5 in Fighting
 11454 | D:8      | Noticed a two-headed ogre
 11467 | D:8      | Killed a two-headed ogre
 11468 | D:8      | Reached skill level 5 in Spellcasting
 11805 | D:8      | Noticed a two-headed ogre
 12257 | D:8      | Mangled by a two-headed ogre

Illustrated notes

Levels and vault maps discovered:
D:1:      dpeg_arrival_morbid_curiosity, layout_loops_ring, serial_shops, shop
D:2:      minmay_razor_zed, layout_rooms, ebering_ecumenical_altar_mist,
          hex_tiny
D:3:      layout_loops_corners, mainiacjoe_overflow_catwalk_spiral,
          grunt_decor_cap
D:4:      layout_gridville
D:5:      lemuel_castle_with_subvaults [lemuel_castle_interior_original],
          layout_gridville, minmay_temple_entry_statues_pillars
D:6:      layout_basic, uniq_menkaure, uniq_crazy_yiuf_cottage
D:7:      cheibrodos_steamvent, layout_cave_pools, serial_shops, shop
D:8:      layout_loops_ring, uniq_maggie

Skill      XL: |  1  2  3  4  5  6  7  8  9 10 |
---------------+-------------------------------+-----
Conjurations   | 1 2 3 4 5 7 8 |  8.0
Fire Magic     | 3 4 5 6 7 8 |  8.5
Dodging        | 2 3 4 5 |  5.9
Spellcasting   | 2 3 4 5 |  5.2
Fighting       | 1 2 3 4 5 |  5.3
Shields        | 2 3 4 |  4.1
Stealth        | |  1.7

Action                   |  1- 3 |  4- 6 |  7- 9 | 10-12 || total
-------------------------+-------+-------+-------+-------++-------
Melee: Unarmed           |     2 |       |       |       ||     2
       Whip              |       |       |     4 |    28 ||    32
 Cast: Foxfire           |   102 |   135 |   249 |    35 ||   521
       Scorch            |     6 |     2 |    48 |    40 ||    96
       Freeze            |     1 |       |       |       ||     1
       Conjure Flame     |       |     1 |     2 |     6 ||     9
       Flame Wave        |       |       |     2 |     1 ||     3
Evoke: Wand              |       |       |       |     2 ||     2
  Use: Scroll            |       |    11 |     9 |     1 ||    21
       Potion            |       |       |       |     4 ||     4
Armor: Robe              |     8 |     5 |     1 |       ||    14
       Troll leather arm |       |       |    16 |     5 ||    21
Dodge: Dodged            |    25 |    21 |    72 |    38 ||   156
Block: Buckler           |       |     2 |    51 |    31 ||    84
       Reflection        |       |       |     1 |       ||     1

Table legend: (Time is in decaauts)
 A = Elapsed time spent in this place.
 B = Non-inter-level travel time spent in this place.
 C = Inter-level travel time spent in this place.
 D = Time resting spent in this place.
 E = Time spent auto-exploring this place.
 F = Levels seen in this place.
 G = Mean time per level.
                   A        B        C        D        E       F      G
               +--------+--------+--------+--------+--------+-----+--------+
         Total |  12279 |  11979 |    300 |    178 |   9816 |   8 | 1534.9 |
       Dungeon |  12279 |  11979 |    300 |    178 |   9816 |   8 | 1534.9 |
               +--------+--------+--------+--------+--------+-----+--------+

Top non-repeatable levels by time:
     D:5: 2755 daAuts
     D:3: 1771 daAuts
     D:1: 1614 daAuts
     D:4: 1416 daAuts
     D:8: 1297 daAuts
     D:6: 1222 daAuts
     D:2: 1133 daAuts
     D:7: 1068 daAuts
